[Event "Titled Tuesday Blitz October 19 2021"]
[White "Shtembuliak, Evgeny"]
[Black "Ceres, Dragos"]
[WhiteFideId "14113325"]
[BlackFideId "13905864"]
[WhiteElo "2504"]
[BlackElo "2094"]
[Result "1-0"]
[Round "09"]
[TimeControl "180+1"]
[Date "2021.10.19"]
[WhiteClock "0:00:54"]
[BlackClock "0:00:09"]

1. e4 e5 2. Nf3 Nc6 3. d4 exd4 4. Nxd4 Nf6 5. Nxc6 bxc6 6. e5 Qe7 7. Qe2 Nd5 8. h4 f6 9. c4 Ba6 10. exf6 Nxf6 11. Rh3 Qxe2+ 12. Bxe2 Be7 13. Bf4 O-O-O 14. Nc3 Rhe8 15. O-O-O Bb4 16. Bf1 h6 17. a3 Bc5 18. f3 Re7 19. Bd3 Rf8 20. Bd2 Be3 21. Rhh1 Bxd2+ 22. Kxd2 Rfe8 23. Rhe1 Rxe1 24. Rxe1 Rxe1 25. Kxe1 d5 26. Bf5+ Kd8 27. c5 Ke7 28. Kd2 d4 29. Na2 Nd5 30. Be4 Nf4 31. Nb4 Bb5 32. g3 Ne6 33. Bxc6 Bxc6 34. Nxc6+ Kd7 35. Ne5+ Ke7 36. b4 Kf6 37. Nc6 g5 38. hxg5+ Nxg5 39. Nxd4 Ke5 40. Ke3 Kd5 41. Kd3 Nf7 42. f4 a6 43. Nf5 h5 44. Ng7 a5 45. Nxh5 axb4 46. axb4 Nd8 47. Nf6+ Ke6 48. Ne4 Nc6 49. Kc4 Kf5 50. Nf2 Nd8 51. b5 Ne6 52. c6 Nd8 53. Kd5 Kf6 54. Ne4+ Ke7 55. Nc5 Nf7 56. Ne4 Nd8 57. g4 Kf7 58. f5 Ke7 59. g5 Kf7 60. g6+ Kg7 61. b6 cxb6 62. c7 Nc6 63. Kxc6 1-0


[Site "https://www.chess.com"]

[Event "Titled Tuesday Blitz October 19 2021"]
[White "Siva Mahadevan"]
[Black "Gaehwiler, Gabriel"]
[WhiteFideId "25043153"]
[BlackFideId "1314530"]
[WhiteElo "2203"]
[BlackElo "2320"]
[Result "1-0"]
[Round "09"]
[TimeControl "180+1"]
[Date "2021.10.19"]
[WhiteClock "0:01:27"]
[BlackClock "0:01:21"]

1. e4 c5 2. Nf3 d6 3. d4 cxd4 4. Nxd4 Nf6 5. Nc3 a6 6. Bg5 Nbd7 7. Bc4 Qb6 8. O-O Qc5 9. Bd5 g6 10. Re1 Bg7 11. Qd2 O-O 12. Nb3 Qc7 13. Bh6 Nb6 14. Bxg7 Kxg7 15. Nd4 Nc4 16. Bxc4 Qxc4 17. Rad1 Be6 18. b3 Qc5 19. Na4 Qc7 20. c4 Rac8 21. f3 Bd7 22. Nc3 b5 23. Nd5 Nxd5 24. exd5 Rfe8 25. cxb5 a5 26. a4 Qc5 27. Qf2 Kg8 28. Nc6 1-0


[Site "https://www.chess.com"]

[Event "Titled Tuesday Blitz October 19 2021"]
[White "Svane, Rasmus"]
[Black "Maksimovic, Bojan"]
[WhiteFideId "4657101"]
[BlackFideId "14408120"]
[WhiteElo "2643"]
[BlackElo "2439"]
[Result "1-0"]
[Round "09"]
[TimeControl "180+1"]
[Date "2021.10.19"]
[WhiteClock "0:01:07"]
[BlackClock "0:00:03"]

1. Nf3 Nf6 2. g3 g6 3. Bg2 Bg7 4. O-O d5 5. d4 O-O 6. c3 Ne4 7. c4 dxc4 8. Qc2 Nd6 9. e4 Nc6 10. Be3 e5 11. dxe5 Nxe5 12. Nxe5 Bxe5 13. Nd2 b5 14. f4 Bg7 15. e5 Nf5 16. Bc5 Be6 17. Rad1 Nd4 18. Qe4 Bf5 19. Qxd4 Qxd4+ 20. Bxd4 Rad8 21. Ne4 a6 22. h3 Rfe8 23. g4 Bxe4 24. Bxe4 f6 25. Bc3 fxe5 26. Rxd8 Rxd8 27. fxe5 c5 28. e6 Re8 29. Bc6 Re7 30. Bd5 Bxc3 31. bxc3 Kg7 32. g5 h6 33. h4 hxg5 34. hxg5 a5 35. Kg2 a4 36. a3 1-0


[Site "https://www.chess.com"]

[Event "Titled Tuesday Blitz October 19 2021"]
[White "Svidler, Peter"]
[Black "Zubov, Alexander"]
[WhiteFideId "4102142"]
[BlackFideId "14109409"]
[WhiteElo "2709"]
[BlackElo "2685"]
[Result "0-1"]
[Round "09"]
[TimeControl "180+1"]
[Date "2021.10.19"]
[WhiteClock "0:01:04"]
[BlackClock "0:00:27"]

1. e4 Nc6 2. Nf3 d6 3. d4 Nf6 4. Nc3 g6 5. d5 Nb8 6. h3 Bg7 7. a4 e5 8. a5 a6 9. Be3 O-O 10. Be2 Nbd7 11. Nd2 Ne8 12. O-O f5 13. exf5 gxf5 14. f4 e4 15. Nc4 Qh4 16. Bd4 Bxd4+ 17. Qxd4 Ng7 18. Kh2 Nf6 19. Qf2 Qh6 20. Qg3 Bd7 21. Qg5 Qg6 22. Ne3 Kf7 23. Rad1 h6 24. Qxg6+ Kxg6 25. Rd4 h5 26. h4 Kf7 27. Ncd1 Ke7 28. c4 c5 29. Rd2 b6 30. axb6 Rfb8 31. Nc3 Rxb6 32. Ra1 Kd8 33. g3 Kc7 34. Bd1 Rb4 35. Kg1 Kb7 36. Kf2 Kc7 37. b3 Kb7 38. Rda2 Rb6 39. Ke1 Nge8 40. Kd2 Nc7 41. Ne2 Kb8 42. Kc3 Kc8 43. Ng1 Rab8 44. Ra3 Kd8 45. Nh3 Ke7 46. Ng5 R8b7 47. Be2 Rb8 48. Rb1 R8b7 49. Nc2 Rb8 50. Rb2 R8b7 51. Raa2 Rb8 52. b4 cxb4+ 53. Rxb4 Ncxd5+ 0-1


[Site "https://www.chess.com"]

[Event "Titled Tuesday Blitz October 19 2021"]
[White "Tristan, Leonardo"]
[Black "Nguyen, Ngoc Truong Son"]
[WhiteFideId "113816"]
[BlackFideId "12401110"]
[WhiteElo "2404"]
[BlackElo "2596"]
[Result "0-1"]
[Round "09"]
[TimeControl "180+1"]
[Date "2021.10.19"]
[WhiteClock "0:00:02"]
[BlackClock "0:00:20"]

1. d4 Nf6 2. Nf3 e6 3. Bf4 Bd6 4. Bg3 Bxg3 5. hxg3 b6 6. e3 Bb7 7. Nbd2 Qe7 8. Bd3 Nc6 9. c3 h6 10. e4 d5 11. Qe2 dxe4 12. Nxe4 O-O-O 13. Nxf6 Qxf6 14. Be4 Kb8 15. a4 e5 16. d5 Ne7 17. c4 Qd6 18. O-O f5 19. Bc2 e4 20. Nd4 h5 21. a5 h4 22. g4 h3 23. g3 e3 24. Nb5 h2+ 25. Kh1 Qc5 26. Qxe3 Nxd5 27. Qxc5 Ne3+ 28. Qd5 Rxd5 29. cxd5 Bxd5+ 30. f3 Nxc2 31. Rad1 Ne3 32. Nd4 Nxd1 33. Rxd1 fxg4 34. axb6 axb6 0-1


[Site "https://www.chess.com"]

[Event "Titled Tuesday Blitz October 19 2021"]
[White "Wagner, Dennis"]
[Black "Williams, Simon K"]
[WhiteFideId "24650684"]
[BlackFideId "404454"]
[WhiteElo "2355"]
[BlackElo "2468"]
[Result "1-0"]
[Round "09"]
[TimeControl "180+1"]
[Date "2021.10.19"]
[WhiteClock "0:00:25"]
[BlackClock "0:00:03"]

1. e4 d6 2. c4 g6 3. Nc3 Bg7 4. g3 c5 5. Bg2 Nc6 6. Nge2 Nf6 7. d3 O-O 8. O-O Rb8 9. h3 a6 10. a4 Ne8 11. Be3 Nd4 12. Rb1 a5 13. Nb5 e5 14. Nec3 f5 15. f4 b6 16. Kh2 h5 17. Qd2 h4 18. gxh4 Qxh4 19. Qf2 Qh5 20. Qg3 Kh7 21. Bxd4 cxd4 22. Nd5 Bd7 23. Qg5 Qxg5 24. fxg5 Bxb5 25. cxb5 Rf7 26. Rbc1 Bf8 27. h4 Ng7 28. Bh3 Be7 29. exf5 gxf5 30. Rc7 Re8 31. Nf6+ Rxf6 32. gxf6 Bxf6 33. Bxf5+ Kh6 34. Be4 Bxh4 35. Rff7 Ne6 36. Rh7+ Kg5 37. Rcf7 Be1 38. Rf5+ Kg4 39. Rhh5 Nf4 40. Rfg5# 1-0


[Site "https://www.chess.com"]

[Event "Titled Tuesday Blitz October 19 2021"]
[White "Yilmaz, Mustafa"]
[Black "Tang, Andrew"]
[WhiteFideId "6302718"]
[BlackFideId "2059630"]
[WhiteElo "2518"]
[BlackElo "2588"]
[Result "1-0"]
[Round "09"]
[TimeControl "180+1"]
[Date "2021.10.19"]
[WhiteClock "0:00:18"]
[BlackClock "0:00:06"]

1. d4 d5 2. c4 e6 3. Nc3 Be7 4. Nf3 Nf6 5. Bf4 O-O 6. e3 b6 7. Bd3 c5 8. cxd5 Nxd5 9. Nxd5 exd5 10. Ne5 c4 11. Nxc4 g5 12. Qh5 f5 13. Bxb8 Rxb8 14. Ne5 Bb4+ 15. Ke2 Qf6 16. h4 g4 17. Nxg4 Qd6 18. Nh6+ Kg7 19. Nxf5+ Bxf5 20. Bxf5 h6 21. Rh3 Rf6 22. Rg3+ Kh8 23. Bg6 Qf8 24. Rf3 Kg7 25. Bd3 Re8 26. Rc1 Re7 27. Qg4+ Kf7 28. Rc8 Qg7 29. Qh5+ Ke6 30. Rc6+ Bd6 31. Qe5+ Kf7 32. Rxf6+ Qxf6 33. Qxf6+ 1-0


[Site "https://www.chess.com"]

[Event "Titled Tuesday Blitz October 19 2021"]
[White "atbenina64"]
[Black "Perez Gormaz, Matias"]
[BlackFideId "3406342"]
[WhiteElo "2565"]
[BlackElo "2352"]
[Result "1-0"]
[Round "09"]
[TimeControl "180+1"]
[Date "2021.10.19"]
[WhiteClock "0:00:40"]
[BlackClock "0:00:01"]

1. e4 c5 2. Nf3 d6 3. Bb5+ Bd7 4. Bxd7+ Qxd7 5. O-O Nc6 6. c3 d5 7. exd5 Qxd5 8. d4 e6 9. Be3 cxd4 10. cxd4 Nf6 11. Nc3 Qa5 12. Rc1 Be7 13. Qe2 O-O 14. Rfd1 Rfd8 15. a3 Qh5 16. h3 h6 17. b4 Rd7 18. b5 Na5 19. Qa2 Bd6 20. Rc2 Rc7 21. Rdc1 Rac8 22. a4 Qf5 23. Ne1 Bb4 24. Ne2 Rxc2 25. Rxc2 Rd8 26. Nf3 Nd5 27. Bd2 Qd3 28. Nc1 Qe4 29. Nb3 Bxd2 30. Nbxd2 Qd3 31. Nf1 Nf4 32. Rd2 Qe4 33. Kh2 b6 34. Ng3 Qd5 35. Qc2 Nc4 36. Rd1 Nd6 37. Rc1 Rc8 38. Qd2 Rxc1 39. Qxc1 g5 40. Qc7 Ne4 41. Qb8+ Kg7 42. Qe5+ Qxe5 43. Nxe5 Nxf2 44. Nc6 N2d3 45. Nxa7 1-0


[Site "https://www.chess.com"]

[Event "Titled Tuesday Blitz October 19 2021"]
[White "Abarca Gonzalez, Nicolas"]
[Black "Svane, Rasmus"]
[WhiteFideId "3409422"]
[BlackFideId "4657101"]
[WhiteElo "2504"]
[BlackElo "2643"]
[Result "1-0"]
[Round "10"]
[TimeControl "180+1"]
[Date "2021.10.19"]
[WhiteClock "0:02:10"]
[BlackClock "0:00:31"]

1. e4 c6 2. d4 d5 3. exd5 cxd5 4. c4 Nf6 5. Nc3 Nc6 6. Nf3 a6 7. cxd5 Nxd5 8. Bd3 g6 9. h4 Bg7 10. h5 Bg4 11. Be4 Nxc3 12. bxc3 Bxh5 13. Rb1 Qd7 14. Qb3 b5 15. Ng5 O-O 16. Nxh7 Rfc8 17. Ng5 e6 18. f3 b4 19. g4 bxc3 20. gxh5 Nxd4 21. Qb7 Qxb7 22. Rxb7 f5 23. h6 Bxh6 24. Rxh6 fxe4 25. Rxg6+ Kh8 26. Rh7# 1-0


[Site "https://www.chess.com"]

[Event "Titled Tuesday Blitz October 19 2021"]
[White "Bortnyk, Olexandr"]
[Black "Salimova, Nurgyul"]
[WhiteFideId "14120828"]
[BlackFideId "2915138"]
[WhiteElo "2723"]
[BlackElo "2071"]
[Result "1-0"]
[Round "10"]
[TimeControl "180+1"]
[Date "2021.10.19"]
[WhiteClock "0:01:33"]
[BlackClock "0:00:38"]

1. e4 c5 2. c3 Nf6 3. e5 Nd5 4. d4 cxd4 5. Nf3 d6 6. cxd4 Nc6 7. Bc4 Nb6 8. Bb5 dxe5 9. Nxe5 Bd7 10. Nxd7 Qxd7 11. Nc3 e6 12. O-O a6 13. Bxc6 Qxc6 14. Qg4 h5 15. Qg5 Be7 16. Qxg7 O-O-O 17. Qxf7 Rdg8 18. f3 Bd6 19. Bf4 Bxf4 20. Qxf4 Rf8 21. Qe4 Qd7 22. Qe5 Rhg8 23. Rac1 Kd8 24. Ne4 Rf5 25. Qb8+ Nc8 26. Nd6 1-0


[Site "https://www.chess.com"]

[Event "Titled Tuesday Blitz October 19 2021"]
[White "Durarbayli, Vasif"]
[Black "Ovetchkin, Roman"]
[WhiteFideId "13402935"]
[BlackFideId "4119991"]
[WhiteElo "2522"]
[BlackElo "2432"]
[Result "1-0"]
[Round "10"]
[TimeControl "180+1"]
[Date "2021.10.19"]
[WhiteClock "0:00:37"]
[BlackClock "0:00:27"]

1. e4 c6 2. d4 d5 3. exd5 cxd5 4. c4 Nf6 5. Nc3 g6 6. Qb3 Bg7 7. cxd5 O-O 8. Be2 Nbd7 9. Bf3 Nb6 10. Bf4 Bg4 11. Bxg4 Nxg4 12. Nge2 Nf6 13. d6 exd6 14. O-O Re8 15. a4 a5 16. Rfe1 Ra6 17. d5 Nbd7 18. Nd4 Nc5 19. Qc4 Nfd7 20. Ndb5 Ne5 21. Bxe5 Rxe5 22. Rxe5 Bxe5 23. Re1 Ra8 24. Rxe5 dxe5 25. Qxc5 Rc8 26. Qe3 Qf6 27. d6 Qe6 28. h3 Kg7 29. Qe4 Rc6 30. Qd5 Qxd5 31. Nxd5 Rc8 32. d7 Rd8 33. Nb6 1-0


[Site "https://www.chess.com"]

[Event "Titled Tuesday Blitz October 19 2021"]
[White "Gabrielian, Artur"]
[Black "Lazavik, Denis"]
[WhiteFideId "4131002"]
[BlackFideId "13515110"]
[WhiteElo "2489"]
[BlackElo "2436"]
[Result "0-1"]
[Round "10"]
[TimeControl "180+1"]
[Date "2021.10.19"]
[WhiteClock "0:00:06"]
[BlackClock "0:00:14"]

1. e4 c5 2. Nf3 e6 3. d4 cxd4 4. Nxd4 Nc6 5. Nc3 Qc7 6. Be3 a6 7. Bd3 b5 8. Nxc6 dxc6 9. O-O e5 10. a4 b4 11. Nb1 Be6 12. Nd2 Nf6 13. a5 Nd7 14. Qe2 Bc5 15. Bxa6 Bxe3 16. fxe3 Nc5 17. Bc4 Rxa5 18. Bxe6 Nxe6 19. Rxa5 Qxa5 20. Nc4 Qc5 21. Rf5 f6 22. Rf1 O-O 23. b3 Rd8 24. Rd1 Qe7 25. h4 g6 26. Qg4 Rxd1+ 27. Qxd1 Kg7 28. Qd2 h5 29. Na5 Nd8 30. g3 c5 31. Qd5 Nf7 32. Nb7 Qc7 33. Nxc5 Qa7 34. Kg2 Qa2 35. Ne6+ Kh7 36. Qc5 Qa6 37. Qc4 Qd6 38. Nc5 Nh6 39. Nd3 Ng4 40. Kf3 Qb6 41. Qf7+ Kh6 42. Qf8+ Kh7 43. Qe7+ Kg8 44. Qc5 Qa6 45. Qxb4 Qa1 46. Qe1 Qa2 47. Qc3 Qb1 48. Ke2 Qg1 49. Qc8+ Kg7 50. Kd2 Qxe3+ 51. Kc3 Qxe4 52. Qd7+ Kh6 53. b4 Ne3 54. Kb2 Qc4 55. Qd6 Qxc2+ 56. Ka3 Nc4# 0-1


[Site "https://www.chess.com"]

[Event "Titled Tuesday Blitz October 19 2021"]
[White "Gelman, Alexander"]
[Black "Nogerbek, Kazybek"]
[WhiteFideId "4118316"]
[BlackFideId "13710427"]
[WhiteElo "2375"]
[BlackElo "2436"]
[Result "0-1"]
[Round "10"]
[TimeControl "180+1"]
[Date "2021.10.19"]
[WhiteClock "0:00:11"]
[BlackClock "0:00:52"]

1. d4 d5 2. Nc3 Nf6 3. Bf4 c5 4. e3 cxd4 5. exd4 a6 6. Nf3 Bg4 7. h3 Bxf3 8. Qxf3 Nc6 9. O-O-O e6 10. Kb1 Rc8 11. g4 Bb4 12. g5 Bxc3 13. Qxc3 Ne4 14. Qe3 Qb6 15. f3 e5 16. dxe5 Qxe3 17. Bxe3 Ng3 18. Rg1 Nxf1 19. Rgxf1 Ne7 20. f4 g6 21. h4 Kd7 22. h5 Ke6 23. Rh1 Nf5 24. Bf2 Rhd8 25. h6 Rc4 26. Bb6 Rdc8 27. Rhf1 Rxc2 28. Rd3 R8c4 29. Rfd1 Rg2 30. Rxd5 Rb4 31. Bd8 Rbxb2+ 32. Ka1 Rxa2+ 33. Kb1 Rgb2+ 34. Kc1 Rf2 35. Kb1 Rab2+ 36. Ka1 Ne3 37. f5+ Kxf5 38. e6+ Kxe6 39. Rd6+ Kf5 40. R1d4 Nc2+ 41. Kxb2 Nxd4+ 42. Kb1 Ne6 43. Rd7 Nxd8 44. Rxd8 Kxg5 0-1


[Site "https://www.chess.com"]

[Event "Titled Tuesday Blitz October 19 2021"]
[White "Ghazarian, Kirk"]
[Black "Nigmatov, Ortik"]
[WhiteFideId "30908604"]
[BlackFideId "14202131"]
[WhiteElo "2003"]
[BlackElo "2346"]
[Result "0-1"]
[Round "10"]
[TimeControl "180+1"]
[Date "2021.10.19"]
[WhiteClock "0:01:05"]
[BlackClock "0:01:36"]

1. d4 Nf6 2. b3 g6 3. Bb2 Bg7 4. Nf3 O-O 5. e3 d5 6. Bd3 c6 7. Ne5 Nbd7 8. Nxd7 Nxd7 9. Nd2 e5 10. O-O e4 11. Be2 f5 12. c4 f4 13. exf4 Rxf4 14. cxd5 cxd5 15. f3 e3 16. Nb1 Qb6 17. Nc3 Rxd4 18. Qc1 Rd2 19. Rd1 Qc5 20. b4 Qd4 21. Kf1 Nb6 22. Na4 Rxd1+ 23. Qxd1 Qxd1+ 24. Rxd1 Nxa4 25. Bxg7 Kxg7 26. Rxd5 Bf5 27. Re5 Nc3 28. Re7+ Kf6 29. Rxe3 Nxe2 30. Kxe2 Rc8 31. g4 Be6 32. g5+ Kf7 0-1


[Site "https://www.chess.com"]

[Event "Titled Tuesday Blitz October 19 2021"]
[White "Ghimpu, Samuel-Timotei"]
[Black "Sawlin, Leonid"]
[WhiteFideId "1238175"]
[BlackFideId "4689542"]
[WhiteElo "2012"]
[BlackElo "2412"]
[Result "0-1"]
[Round "10"]
[TimeControl "180+1"]
[Date "2021.10.19"]
[WhiteClock "0:00:02"]
[BlackClock "0:00:32"]

1. b3 e5 2. Bb2 Nc6 3. e3 d5 4. Bb5 Bd6 5. Nf3 Qe7 6. d4 e4 7. Ne5 Bd7 8. Nxd7 Qxd7 9. c4 a6 10. Bxc6 Qxc6 11. Qc2 dxc4 12. bxc4 Bb4+ 13. Kf1 b5 14. c5 Ba5 15. Bc3 Bxc3 16. Nxc3 Nf6 17. g3 b4 18. Ne2 O-O 19. Kg2 a5 20. Rhb1 Nd5 21. Kg1 Rfe8 22. a3 Rab8 23. Qc4 bxa3 24. Rxb8 Rxb8 25. Rxa3 Rb4 26. Qa2 a4 27. Nc3 Nxc3 28. Rxc3 Qb5 29. Kg2 Rb3 30. Rc1 h6 31. d5 Rb2 32. Qa3 Qe2 33. Rf1 Qb5 34. d6 cxd6 35. cxd6 Rd2 36. Ra1 Qf5 37. Rf1 h5 38. Qxa4 h4 39. Qe8+ Kh7 40. Qe7 h3+ 41. Kg1 f6 42. f3 exf3 43. Qe8 Rg2+ 44. Kh1 f2 45. e4 Rg1+ 46. Rxg1 Qf3+ 0-1


[Site "https://www.chess.com"]

[Event "Titled Tuesday Blitz October 19 2021"]
[White "Hambleton, Aman"]
[Black "Di Nicolantonio, Lucas"]
[WhiteFideId "2606577"]
[BlackFideId "680460"]
[WhiteElo "2552"]
[BlackElo "2381"]
[Result "1-0"]
[Round "10"]
[TimeControl "180+1"]
[Date "2021.10.19"]
[WhiteClock "0:00:03"]
[BlackClock "0:00:10"]

1. d4 g6 2. c4 Bg7 3. e4 d6 4. Nc3 e5 5. Nge2 Nc6 6. Be3 Nh6 7. f3 f5 8. Qd2 Nf7 9. d5 Ne7 10. O-O-O c5 11. dxc6 bxc6 12. c5 dxc5 13. Qxd8+ Nxd8 14. Bxc5 Ne6 15. Ba3 Bd7 16. exf5 gxf5 17. Ng3 Nd4 18. Bd3 Ng6 19. Nh5 Bh6+ 20. Kb1 O-O-O 21. Rhe1 Be6 22. Bc5 Kb7 23. Ne2 Nxe2 24. Bxe2 Bd5 25. Nf6 Nf4 26. Nxd5 cxd5 27. Bf1 Rhe8 28. g3 Ne6 29. Bb4 Nd4 30. Bg2 Bg7 31. Bc3 Nb5 32. Ba5 Rd6 33. Rd2 e4 34. Red1 d4 35. fxe4 fxe4 36. Re1 Rde6 37. Rde2 Nd6 38. Bb4 d3 39. Re3 Bd4 40. Rxd3 Bf2 41. Re2 1-0


[Site "https://www.chess.com"]

[Event "Titled Tuesday Blitz October 19 2021"]
[White "Hirneise, Jens"]
[Black "Tristan, Leonardo"]
[WhiteFideId "24614734"]
[BlackFideId "113816"]
[WhiteElo "2323"]
[BlackElo "2404"]
[Result "0-1"]
[Round "10"]
[TimeControl "180+1"]
[Date "2021.10.19"]
[WhiteClock "0:00:02"]
[BlackClock "0:00:59"]

1. b3 d5 2. Bb2 Bf5 3. d3 e6 4. Nd2 Nf6 5. g3 h6 6. Bg2 Bh7 7. e4 c6 8. Ne2 Be7 9. O-O O-O 10. a3 a5 11. h3 Nbd7 12. e5 Ne8 13. f4 Qb6+ 14. Kh1 Nc7 15. Nf3 a4 16. b4 c5 17. c3 cxb4 18. cxb4 Qa6 19. Ne1 Rfc8 20. g4 Bh4 21. f5 Bxe1 22. Rxe1 exf5 23. Nf4 Nf8 24. Rc1 Nfe6 25. Nxd5 Nxd5 26. Bxd5 Rd8 27. Qf3 fxg4 28. hxg4 Ng5 29. Qg2 Rxd5 30. Qxd5 Bxd3 31. e6 Nxe6 32. Rxe6 Qxe6 33. Qxd3 Qxg4 34. Qd4 Qh3+ 35. Kg1 Qg3+ 36. Kh1 Re8 37. Rf1 Re2 38. Qxg7+ Qxg7 39. Bxg7 Kxg7 40. Rf5 Re3 41. Rb5 Rxa3 42. Rxb7 Rb3 43. b5 a3 44. Ra7 Kg6 45. b6 Rxb6 46. Rxa3 Rb2 47. Rg3+ Kf6 0-1


[Site "https://www.chess.com"]

[Event "Titled Tuesday Blitz October 19 2021"]
[White "Ibarra Jerez, Jose Carlos"]
[Black "Bekturov, Tamerlan"]
[WhiteFideId "2226332"]
[BlackFideId "13710184"]
[WhiteElo "2626"]
[BlackElo "2186"]
[Result "1-0"]
[Round "10"]
[TimeControl "180+1"]
[Date "2021.10.19"]
[WhiteClock "0:02:34"]
[BlackClock "0:02:34"]

1. e4 c6 2. d4 d5 3. e5 c5 4. dxc5 e6 5. a3 Bxc5 6. Qg4 Kf8 7. Nf3 Nc6 8. b4 Bb6 9. Bb2 Nh6 10. Qf4 Bc7 11. Bd3 f6 12. exf6 1-0


[Site "https://www.chess.com"]

[Event "Titled Tuesday Blitz October 19 2021"]
[White "Indjic, Aleksandar"]
[Black "Moroni, Luca Jr"]
[WhiteFideId "911925"]
[BlackFideId "865834"]
[WhiteElo "2643"]
[BlackElo "2491"]
[Result "1-0"]
[Round "10"]
[TimeControl "180+1"]
[Date "2021.10.19"]
[WhiteClock "0:00:06"]
[BlackClock "0:00:02"]

1. d4 g6 2. h4 Bg7 3. h5 gxh5 4. e4 d5 5. e5 c5 6. Qxh5 Nc6 7. Nf3 cxd4 8. Bf4 Be6 9. Nbd2 Qd7 10. Bb5 a6 11. Bd3 h6 12. a3 Bg4 13. Qh4 O-O-O 14. b4 Bf5 15. Qg3 Bxd3 16. cxd3 Bf8 17. Rc1 e6 18. Nxd4 Ne7 19. b5 axb5 20. Nxb5 Nf5 21. Qh3 Kb8 22. Qxf5 exf5 23. e6+ Bd6 24. Bxd6+ Qxd6 25. Nxd6 Rxd6 26. exf7 Re6+ 27. Kf1 Rf8 28. Nb3 Rxf7 29. Re1 Rg6 30. Nc5 f4 31. Re8+ Ka7 32. Rh8 Rfg7 33. Rh2 f3 34. g3 Nd4 35. Rh4 Rc7 36. Rxd4 Rxc5 37. Kg1 Re6 38. g4 Rc2 39. Rf8 Re1+ 40. Kh2 Rxf2+ 41. Kg3 Rg2+ 42. Kxf3 Ra2 43. Ra4+ Kb6 44. Rb4+ Ka7 45. Ra4+ Kb6 46. Rb4+ Kc7 47. Rf7+ Kd6 48. Rbxb7 Rf1+ 49. Kg3 Rxf7 50. Rxf7 Rxa3 51. Rf3 d4 52. Kh4 Ke5 53. Kh5 Ra6 54. Rf5+ Ke6 55. Kxh6 Ra3 56. Rf3 Ra1 57. g5 Rg1 58. Kg6 Re1 59. Rf4 Re3 60. Rxd4 Ke5 61. Rd8 Kf4 62. Kf6 Re5 63. Rd4+ 1-0


[Site "https://www.chess.com"]

[Event "Titled Tuesday Blitz October 19 2021"]
[White "Janaszak, Dawid"]
[Black "Maly, Alexey"]
[WhiteFideId "1119206"]
[BlackFideId "14103184"]
[WhiteElo "2215"]
[BlackElo "2294"]
[Result "0-1"]
[Round "10"]
[TimeControl "180+1"]
[Date "2021.10.19"]
[WhiteClock "0:00:11"]
[BlackClock "0:00:26"]

1. d4 d5 2. Nf3 Nf6 3. c3 g6 4. Bg5 Bg7 5. Nbd2 O-O 6. e3 b6 7. Be2 Bb7 8. O-O Nbd7 9. a4 a5 10. b4 h6 11. Bh4 Ne4 12. Nxe4 dxe4 13. Nd2 f5 14. bxa5 Rxa5 15. f4 Kh7 16. Nc4 Ra7 17. a5 bxa5 18. Rxa5 Rxa5 19. Nxa5 Ba8 20. Qa4 Nb6 21. Qb5 Nd5 22. Qc5 Nxe3 23. Bxe7 Qc8 24. Rb1 Re8 25. Bb5 c6 26. Bxc6 Bxc6 27. Qxc6 Qxc6 28. Nxc6 Nd5 29. Rb7 Ra8 30. c4 e3 31. Kf1 Nxf4 32. Ra7 Rxa7 33. Nxa7 e2+ 34. Ke1 Bxd4 35. Bb4 Bxa7 36. Bd2 Nxg2+ 37. Kxe2 g5 38. Kf3 Nh4+ 39. Kg3 Kg6 40. Bb4 f4+ 41. Kg4 h5+ 42. Kh3 Bf2 0-1


[Site "https://www.chess.com"]

[Event "Titled Tuesday Blitz October 19 2021"]
[White "Jobava, Baadur"]
[Black "Savchenko, Boris"]
[WhiteFideId "13601520"]
[BlackFideId "4147332"]
[WhiteElo "2731"]
[BlackElo "2526"]
[Result "1/2-1/2"]
[Round "10"]
[TimeControl "180+1"]
[Date "2021.10.19"]
[WhiteClock "0:00:10"]
[BlackClock "0:00:05"]

1. d4 Nf6 2. c4 g6 3. Nf3 Bg7 4. g3 O-O 5. Bg2 c6 6. Nc3 d5 7. cxd5 cxd5 8. Ne5 e6 9. Bg5 Qb6 10. O-O Qxb2 11. Qd3 Qb6 12. Rab1 Qa6 13. Nb5 Nbd7 14. Nc7 Qxd3 15. Nxd3 Rb8 16. Bf4 Nh5 17. Bd6 Bxd4 18. Rfc1 Nhf6 19. Nb5 Bb6 20. Bxf8 Nxf8 21. Nd6 Bd7 22. Ne5 Be8 23. e3 N6d7 24. Nd3 Nf6 25. Nc5 Bc6 26. e4 Bxc5 27. Rxc5 N8d7 28. exd5 Nxd5 29. Rc2 Kf8 30. Nc4 Ba4 31. Rcc1 N7f6 32. Na5 b6 33. Nc6 Bxc6 34. Rxc6 Ke7 35. Rbc1 Kd7 36. Kf1 a5 37. a3 h5 38. Ke1 Kd8 39. Rd6+ Ke7 40. Rdc6 Kd7 41. Bf1 Ne8 42. Bb5 Ke7 43. Bd3 Nd6 44. Kd2 Kd7 45. R6c2 f5 46. f4 h4 47. Ke2 Rg8 48. Kf3 g5 49. fxg5 Rxg5 50. gxh4 Rg4 51. h5 Rh4 52. Kg3 Rxh5 53. h4 e5 54. Rd1 e4 55. Be2 f4+ 56. Kg4 Rf5 57. Rxd5 Rxd5 58. Kxf4 Rf5+ 59. Ke3 Rf6 60. h5 Ke6 61. Rc6 Ke5 62. Rc7 Nf5+ 63. Kd2 Rd6+ 64. Ke1 Ng3 65. Bd1 e3 66. Rg7 Nf5 67. Rg5 Kf6 68. Rg6+ Ke5 69. Rg5 Kf4 70. Rg4+ Ke5 71. Rg5 1/2-1/2


[Site "https://www.chess.com"]

[Event "Titled Tuesday Blitz October 19 2021"]
[White "Kezin, Roman"]
[Black "Tregubov, Pavel V."]
[WhiteFideId "24124621"]
[BlackFideId "4115341"]
[WhiteElo "2557"]
[BlackElo "2423"]
[Result "0-1"]
[Round "10"]
[TimeControl "180+1"]
[Date "2021.10.19"]
[WhiteClock "0:00:02"]
[BlackClock "0:00:19"]

1. d4 Nf6 2. c4 e6 3. Nc3 Bb4 4. e3 O-O 5. Ne2 d5 6. a3 Be7 7. cxd5 exd5 8. g3 Re8 9. Bg2 Bf8 10. O-O c6 11. f3 c5 12. Bd2 Nc6 13. Kh1 Bf5 14. Be1 Rxe3 15. dxc5 Bxc5 16. b4 Bb6 17. Na4 Bd3 18. Rf2 Qe7 19. Nxb6 axb6 20. Nf4 Bc4 21. a4 Nxb4 22. Bd2 Re5 23. Bc3 Re3 24. Bd4 Rb3 25. Rd2 Re8 26. Bxb6 Nd7 27. Bd4 Nc5 28. a5 Ncd3 29. Nxd3 Nxd3 30. Bf1 Ne1 31. Rf2 Bxf1 32. Qxb3 Bc4 33. Qa3 Qe6 34. Qc3 f6 35. Rd1 h6 36. Qd2 Nd3 37. Rg2 Ne5 38. Bxe5 fxe5 39. Rgg1 Rf8 40. Qf2 Qf5 41. Kg2 e4 42. f4 Bd3 43. Qe3 Qf6 44. Rc1 d4 45. Qd2 Qa6 46. Qb2 e3 47. Qxd4 e2 48. Rc7 Qg6 49. Rxb7 Be4+ 50. Kf2 Bxb7 51. Kxe2 Re8+ 52. Kf2 Qc2+ 0-1


[Site "https://www.chess.com"]

[Event "Titled Tuesday Blitz October 19 2021"]
[White "Khanin, Semen"]
[Black "Siva Mahadevan"]
[WhiteFideId "4111990"]
[BlackFideId "25043153"]
[WhiteElo "2436"]
[BlackElo "2203"]
[Result "0-1"]
[Round "10"]
[TimeControl "180+1"]
[Date "2021.10.19"]
[WhiteClock "0:00:06"]
[BlackClock "0:01:28"]

1. Nf3 Nf6 2. g3 g6 3. b3 Bg7 4. Bb2 O-O 5. Bg2 d6 6. d4 e5 7. dxe5 Nfd7 8. O-O Nc6 9. c4 dxe5 10. Nc3 e4 11. Nd2 f5 12. Qc1 Nde5 13. Nd5 Be6 14. f3 exf3 15. Nxf3 Bxd5 16. cxd5 Nxf3+ 17. Bxf3 Ne5 18. Bg2 Re8 19. Qd2 Ng4 20. Bxg7 Kxg7 21. e4 fxe4 22. Rf4 e3 23. Qd4+ Nf6 24. Bh3 Qe7 25. Be6 Rad8 26. Re1 c6 27. Rxe3 Rxd5 28. Bxd5 Qxe3+ 29. Qxe3 Rxe3 30. Bf3 Re1+ 31. Kf2 Ra1 32. Ra4 a6 33. h4 Nd7 34. g4 Nc5 35. Ra5 Nd3+ 36. Ke3 Nb4 37. a3 Rxa3 38. Rxa3 Nc2+ 39. Ke4 Nxa3 40. Ke5 Nb5 41. g5 Kf7 42. Bg4 Ke7 43. Ke4 a5 44. Ke5 Nd6 45. Be2 b5 46. h5 Nf7+ 47. Kf4 Kd6 48. hxg6 hxg6 49. Bd3 Ne5 50. Be4 a4 51. bxa4 bxa4 52. Ke3 a3 53. Bb1 Kd5 54. Ba2+ Kc5 55. Ke4 Nc4 56. Kd3 Nd6 57. Bb1 Kb4 58. Ba2 c5 59. Kc2 c4 60. Kd2 Ne4+ 61. Ke3 Nxg5 62. Kd4 Ne6+ 63. Kd5 Nf4+ 64. Ke4 Nd3 65. Kd4 Nb2 66. Ke3 Kc3 0-1


[Site "https://www.chess.com"]